 Dungeon Crawl Stone Soup version 0.29.1-1-gd02db6906a (webtiles) character file.

Game seed: 1408009321252337761

2 Eitelfritz the Gusty (level 1, -2/10 HPs)
             Began as a Tengu Air Elementalist on Sept 18, 2022.
             Slain by a hobgoblin (4 damage)
             ... on level 1 of the Dungeon.
             The game lasted 00:00:33 (197 turns).

Eitelfritz the Gusty (Tengu Air Elementalist)        Turns: 197, Time: 00:00:34

Health: -2/10      AC:  2    Str:  8    XL:     1   Next: 40%
Magic:  0/4        EV: 12    Int: 15    God:
Gold:   0          SH:  0    Dex: 14    Spells: 3/4 levels left

rFire   . . .      SeeInvis .   (no weapon)
rCold   . . .      Faith    .   (no shield)
rNeg    . . .      Spirit   .   a - +0 robe
rPois   .          Reflect  .   (helmet restricted)
rElec   .          Harm     .   (no cloak)
rCorr   .          Rampage  .   (no gloves)
Will    .....                   (boots unavailable)
Stlth   ++........              (no amulet)
HPRegen 0.03/turn               (no ring)
MPRegen 0.09/turn               (no ring)

@: no status effects
A: beak, talons 3
a: no special abilities


You were on level 1 of the Dungeon.
You visited 1 branch of the dungeon, and saw 1 of its levels.

Inventory:

Armour
 a - a +0 robe (worn)
Scrolls
 c - a scroll of immolation {unknown}
Potions
 b - a potion of magic


   Skills:
 + Level 2.2 Dodging
 + Level 2.0 Stealth
 + Level 2.0 Spellcasting
 + Level 1.3 Conjurations
 + Level 4.2 Air Magic


You had 3 spell levels left.
You knew the following spells:

 Your Spells              Type           Power      Damage    Failure   Level
a - Shock                 Conj/Air       36%        1d5       7%          1

Your spell library contained the following spells:

 Spells                   Type           Power      Damage    Failure   Level
 Static Discharge         Conj/Air       9%         3-5/arc   11%         2
 Swiftness                Air            14%        N/A       12%         3
 Airstrike                Air            7%         2d(1-17)  36%         4


Dungeon Overview and Level Annotations

Branches:
Dungeon (1/15)

Altars:


Innate Abilities, Weirdness & Mutations

You have a beak for a mouth.
You have claws for feet.


Message History

The zap hits the hobgoblin.
The hobgoblin is heavily wounded.
Casting: Shock (safe; 7% risk of failure)
Confirm with . or Enter, or press ? or * to list all spells.
Aiming: Shock (safe; 7% risk of failure)
Press: ? - help, Shift-Dir - straight line, f/p - hobgoblin
Aim: a hobgoblin (heavily wounded, 68% to hit)
The zap hits the hobgoblin.
The hobgoblin is severely wounded.
Casting: Shock (safe; 7% risk of failure)
Confirm with . or Enter, or press ? or * to list all spells.
Aiming: Shock (safe; 7% risk of failure)
Press: ? - help, Shift-Dir - straight line, f/p - hobgoblin
Aim: a hobgoblin (severely wounded, 68% to hit)
The zap misses the hobgoblin.
Casting: Shock (safe; 7% risk of failure)
Confirm with . or Enter, or press ? or * to list all spells.
Aiming: Shock (safe; 7% risk of failure)
Press: ? - help, Shift-Dir - straight line, f/p - hobgoblin
Aim: a hobgoblin (severely wounded, 68% to hit)
The zap misses the hobgoblin.
The hobgoblin misses you.
Unknown command.
You closely miss the hobgoblin.
You peck the hobgoblin, but do no damage.
The hobgoblin is severely wounded.
The hobgoblin hits you.
Unknown command.
The hobgoblin attacks as you move away! The hobgoblin barely misses you.
The hobgoblin attacks as you move away! The hobgoblin hits you.
* * * LOW HITPOINT WARNING * * *
Found an escape hatch in the floor.
The hobgoblin attacks as you move away! The hobgoblin hits you.
* * * LOW HITPOINT WARNING * * *
Casting: Shock (safe; 7% risk of failure)
Confirm with . or Enter, or press ? or * to list all spells.
Aiming: Shock (safe; 7% risk of failure)
Press: ? - help, Shift-Dir - straight line, f/p - hobgoblin
Aim: a hobgoblin (severely wounded, 68% to hit)
The zap misses the hobgoblin.
The hobgoblin hits you.
You die...

#.# ###.. #..# #.# #>...
####..# #.# #.### .....#
#.# #.# #...# #.# #.# #...#
#.##.###.###
#...#########.##........
#..............#####.###
.#####.....g@..###..#####.#
..>.....######.###........#
######..# #......########
#..# #..##### ## #..# #..#
#. ######..# #..## #.
........## #...# #.
######.#.## #.#.# #.
..###.###.#.# #.


You could see a hobgoblin.

Vanquished Creatures
  A goblin (D:1)
  2 rats (D:1)
3 creatures vanquished.

Notes
Turn   | Place    | Note
-------+----------+-------------------------------------------
     0 | D:1      | Eitelfritz the Tengu Air Elementalist began the quest for
                  | the Orb.
     0 | D:1      | Reached XP level 1. HP: 10/10 MP: 4/4
   197 | D:1      | Slain by a hobgoblin

Illustrated notes

Levels and vault maps discovered:
D:1:      spicycebolla_arrival_ecumenical, layout_loops_ring

Action                   || total
-------------------------++-------
Melee: Unarmed           ||     1
       Peck              ||     1
 Cast: Shock             ||     9
Dodge: Dodged            ||     2
